 Dungeon Crawl Stone Soup version 0.30.0-10-gfe55d96785 (webtiles) character file.

Game seed: 4597104060723333681

45 Pimp the Shooter (level 3, 0/22 HPs)
             Began as a Tengu Hunter on May 15, 2023.
             Slain by an adder (2 damage)
             ... on level 2 of the Dungeon.
             The game lasted 00:01:33 (1112 turns).

Pimp the Shooter (Tengu Hunter)                     Turns: 1112, Time: 00:01:34

Health: 0/22       AC:  3    Str: 10 (11) XL:     3   Next: 64%
Magic:  4/4        EV: 12    Int:  6 (9)  God:
Gold:   61         SH:  0    Dex: 18 (19) Spells: 2/2 levels left

rFire   . . .        h - +0 long sword
rCold   . . .        (no shield)
rNeg    . . .        c - +0 leather armour
rPois   .            (helmet restricted)
rElec   .            (no cloak)
rCorr   .            (no gloves)
SInv    .            (boots unavailable)
Will    .....        (no amulet)
Stlth   ++           (no ring)
HPRegen 0.23/turn    (no ring)
MPRegen 0.09/turn

%: no passive effects
@: lethally poisoned (0 -> -2), hasted, very quick
A: beak, talons 3
a: no special abilities


You were on level 2 of the Dungeon.
You visited 1 branch of the dungeon, and saw 2 of its levels.

You collected 61 gold pieces.

Inventory:

Hand Weapons
 a - a +0 shortbow
 h - a +0 long sword (weapon)
Armour
 c - a +0 leather armour (worn)
Scrolls
 b - 2 scrolls of immolation
 d - a scroll of enchant armour {unknown}
 g - a scroll of identify {unknown}
Potions
 f - a potion of haste
 i - a potion of curing {unknown}


   Skills:
 + Level 2.6 Fighting
 + Level 4.7 Ranged Weapons
 + Level 2.8 Dodging
 + Level 1.9 Stealth


You had 2 spell levels left.
You didn't know any spells.
Your spell library contained the following spells:

 Spells                   Type           Power      Damage    Failure   Level
 Summon Small Mammal      Summ           0%         N/A       56%         1
 Call Canine Familiar     Summ           0%         N/A       90%         3
 Summon Guardian Golem    Hex/Summ       0%         N/A       90%         3


Dungeon Overview and Level Annotations

Branches:
Dungeon (2/15)

Altars:

Shops:
D:2 !


Innate Abilities, Weirdness & Mutations

You have a beak for a mouth.
You have claws for feet.


Message History

The arrow hits the adder but does no damage.
The adder is moderately wounded.
The adder bites you but does no damage. x2
You shoot an arrow. The arrow closely misses the adder.
The adder closely misses you. The adder bites you.
You are poisoned.
The adder poisons you!
You shoot an arrow. The arrow misses the adder.
You feel sick. The adder closely misses you. The adder barely misses you.
You shoot an arrow.
The arrow hits the adder but does no damage.
The adder is moderately wounded.
You feel sick. The adder closely misses you. The adder barely misses you.
You shoot an arrow. The arrow misses the adder.
You feel sick. The adder closely misses you.
You are too injured to fight recklessly!
You are too injured to fight recklessly!
You are too injured to fight recklessly!
You are too injured to fight recklessly!
You are too injured to fight recklessly!
You are too injured to fight recklessly!
h - a +0 long sword (weapon)
The adder bites you but does no damage.
You miss the adder.
The adder is moderately wounded.
You feel sick.
You are no longer poisoned.
The adder bites you. x2
You are poisoned.
The adder poisons you!
It was a potion of degeneration.
There was something very wrong with that liquid.
You feel weakened.
You feel dopey.
You feel clumsy.
* * * LOW HITPOINT WARNING * * *
You feel sick. The adder bites you.
* * * LOW HITPOINT WARNING * * *
It was a potion of haste.
You feel yourself speed up.
* * * LOW HITPOINT WARNING * * *
You feel sick. The adder bites you.
You die...

###.# ##.## #.# #.#
#######.# #.# ........#
#.# #######.# #.#
#######.# #.#
.....##.#####.#######.#
####..........##.S....#
####...######@#######
#.................
##################


You could see an adder.

Vanquished Creatures
  An adder (D:2)
  3 endoplasms
  3 giant cockroaches (D:1)
  3 goblins (D:1)
  4 hobgoblins (D:1)
  4 jackals (D:1)
  A ball python (D:1)
  5 bats
  4 frilled lizards (D:1)
  3 kobolds (D:1)
  3 rats (D:1)
34 creatures vanquished.

Notes
Turn   | Place    | Note
-------+----------+-------------------------------------------
     0 | D:1      | Pimp the Tengu Hunter began the quest for the Orb.
     0 | D:1      | Reached XP level 1. HP: 12/12 MP: 2/2
   225 | D:1      | Reached XP level 2. HP: 17/17 MP: 3/3
   624 | D:1      | Reached XP level 3. HP: 22/22 MP: 4/4
   894 | D:2      | Found Nerchiskua's Distillery.
  1112 | D:2      | Slain by an adder

Illustrated notes

Levels and vault maps discovered:
D:1:      saegor_arrival_simple_e, layout_basic
D:2:      layout_loops_ring, serial_shops, shop, nicolae_shop_real_fake_doors,
          nicolae_shop_tiny_statue_garden, uniq_natasha

Action                     || total
---------------------------++-------
  Melee: Long sword        ||     1
   Fire: Shortbow          ||    98
    Use: Potion            ||     2
 Armour: Leather armour    ||    14
  Dodge: Dodged            ||    38
